 Dungeon Crawl Stone Soup version 0.31.0-11-ge490571c62 (webtiles) character file.

Game seed: 6273910237072408912

341 qw the Shooter (level 6, -1/32 HPs)
             Began as a Spriggan Hunter on Feb 3, 2024.
             Slain by Edmund
             ... wielding a +4 heavy dire flail
              (25 damage)
             ... on level 4 of the Dungeon.
             The game lasted 00:00:07 (1301 turns).

qw the Shooter (Spriggan Hunter)                    Turns: 1301, Time: 00:00:07

Health: -1/32      AC:  2    Str:  7    XL:     6   Next: 30%
Magic:  7/7        EV: 20    Int: 11    God:
Gold:   147        SH:  0    Dex: 20    Spells: 5/5 levels left

rFire   . . .        a - +2 shortbow
rCold   . . .        (shield currently unavailable)
rNeg    . . .        c - +0 robe
rPois   .            (helmet restricted)
rElec   .            (no cloak)
rCorr   .            (gloves unavailable)
SInv    +            (boots unavailable)
Will    +....        (no amulet)
Stlth   ++           (no ring)
HPRegen 0.25/turn    (no ring)
MPRegen 0.10/turn

%: no passive effects
@: very quick
A: very small, no large weapons, unfitting armour, see invisible, speed 3
a: no special abilities


You were on level 4 of the Dungeon.
You visited 1 branch of the dungeon, and saw 4 of its levels.

You collected 147 gold pieces.


Innate Abilities, Weirdness & Mutations

You are very small and have problems with some larger weapons.
You are too small for most types of armour.
You have supernaturally acute eyesight. (SInv)
You cover ground extremely quickly. (Speed+++)


   Skills:
 - Level 3.5 Fighting
 + Level 5.5 Ranged Weapons
 - Level 5.3 Dodging
 - Level 1.5 Stealth


You had 5 spell levels left.
You didn't know any spells.
Your spell library was empty.

Inventory:

Hand Weapons
 a - a +2 shortbow (weapon)
Armour
 c - a +0 robe (worn)
Wands
 i - a wand of iceblast (1)
 m - a wand of paralysis (2)
Scrolls
 b - a scroll of teleportation
 e - a scroll of silence {unknown}
 h - a scroll of blinking {unknown}
 j - a scroll of brand weapon {unknown}
 l - a scroll of enchant armour {unknown}
Potions
 d - a potion of attraction {unknown}
 f - 2 potions of might
 g - a potion of curing {unknown}
 k - a potion of mutation {unknown}

Dungeon Overview and Level Annotations

Branches:
Dungeon (3/15)

Altars:
Elyvilon
Fedhas
Sif Muna

Annotations:
D:1 1 transporter
D:4 Edmund


Message History

You kill the orc wizard!
You shoot an arrow. The arrow hits the orc wizard.
The orc wizard is moderately wounded.
The orc wizard gestures at you while chanting.
The puff of flame hits you!
You shoot an arrow. The arrow hits the orc wizard.
The orc wizard is heavily wounded.
You shoot an arrow. The arrow hits the orc wizard.
The orc wizard is almost dead.
The orc wizard casts a spell at you. You resist with almost no effort.
Edmund the Younger comes into view.
He is wielding a +4 heavy dire flail.
You shoot an arrow.
Edmund shouts!
The arrow hits the orc wizard.
You kill the orc wizard!
1294 ||| ZAPPING wand of paralysis (3) at -6,-6 (Edmund; floor).
Aiming: Paralyse
Press: ? - help, Q - select action, (/) - cycle Shift-Dir - straight line, f - Edmund Edmund resists with some effort.
You shoot an arrow. The arrow closely misses the orc.
You shoot an arrow. The arrow hits the orc.
The orc is moderately wounded.
The orc closely misses you.
You shoot an arrow. The arrow hits the orc!
You kill the orc!
You shoot an arrow.
The arrow hits Edmund but does no damage.
Edmund misses you.
You shoot an arrow.
The arrow hits Edmund but does no damage.
You shoot an arrow. The arrow hits Edmund.
Edmund is lightly wounded.
Edmund barely misses you.
You shoot an arrow. The arrow hits Edmund.
Edmund is lightly wounded.
Edmund hits you with a +4 heavy dire flail!!
Ouch! That really hurt!
You die...
Edmund says, "I'd like to see a scythe do that!"

.... ...$ .....
# ..... .# #
.....) ..#.#
......####.....
......@.......#
..######@...#
...(..........#
...#####)###.#
....#.......#
##.#.#.#.#####
####..#.#.#.#
#.#
........#.#.#
#.#
.....#..#...#
#.#
.......>..###
#.#


You could see Edmund.

Vanquished Creatures
  Eustachio (D:4)
  A howler monkey (D:4)
  Ijyb (D:4)
  2 orc wizards (D:4)
  An adder (D:2)
  4 dart slugs
  A ribbon worm (D:4)
  3 orcs (D:4)
  3 bats (D:1)
  3 endoplasms
  5 giant cockroaches
  3 goblins (D:1)
  9 hobgoblins
  7 jackals (D:2)
  5 ball pythons
  2 frilled lizards
  3 kobolds
  A rat (D:1)
55 creatures vanquished.

Notes
Turn   | Place    | Note
-------+----------+-------------------------------------------
     0 | D:1      | qw the Spriggan Hunter began the quest for the Orb.
     0 | D:1      | Reached XP level 1. HP: 10/10 MP: 2/2
     0 | D:1      | 0 ||| qw: Version: 0.3-a-157-g843a77d
     0 | D:1      | 0 ||| qw: Game counter: 3646
     0 | D:1      | 0 ||| qw: Melee chars always use a shield: true
     0 | D:1      | 0 ||| qw: God list: Okawaru
     0 | D:1      | 0 ||| qw: Allow faded altars: false
     0 | D:1      | 0 ||| qw: Do Orc after clearing Dungeon:15 true
     0 | D:1      | 0 ||| qw: Do second Lair branch before Depths: true
     0 | D:1      | 0 ||| qw: Lair rune preference: random
     0 | D:1      | 0 ||| qw: Goals: Normal
     0 | D:1      | 0 ||| PLANNING D:1-11
    27 | D:1      | Reached skill level 3 in Dodging
    93 | D:1      | Reached XP level 2. HP: 14/14 MP: 3/3
   304 | D:1      | Reached XP level 3. HP: 18/18 MP: 4/4
   491 | D:1      | 491 ||| READING scroll labelled ZETUOVVOSE.
   494 | D:1      | 494 ||| READING scroll labelled ROWNOG REULIOHAUH.
   495 | D:1      | 495 ||| DROPPING scroll of butterflies.
   497 | D:1      | 497 ||| Stepping ~*~*~tactically~*~*~ (cloud).
   502 | D:1      | HP: 4/18 [poisoned by you (poison gas)]
   506 | D:1      | HP: 1/18 [poisoned by you (poison gas)]
   994 | D:2      | Reached XP level 4. HP: 22/22 MP: 5/5
  1002 | D:2      | 1002 ||| READING scroll labelled IWIKKO HAEHEST.
  1002 | D:2      | 1002 ||| IDENTIFYING pink potion
  1003 | D:2      | 1003 ||| READING scroll labelled XUROUPLOIRI.
  1004 | D:2      | 1004 ||| READING scroll labelled ROIBLEZUTH.
  1004 | D:2      | 1004 ||| ENCHANTING +0 shortbow.
  1005 | D:2      | 1005 ||| READING scroll labelled VYQALOSCHUI.
  1006 | D:2      | 1006 ||| DRINKING 3 golden potions.
  1007 | D:2      | 1007 ||| DROPPING potion of brilliance.
  1120 | D:3      | 1120 ||| READING scroll of enchant weapon.
  1120 | D:3      | 1120 ||| ENCHANTING +1 shortbow.
  1136 | D:3      | Found a faded altar of an unknown god.
  1182 | D:3      | Found a white marble altar of Elyvilon.
  1182 | D:3      | Found a blossoming altar of Fedhas.
  1183 | D:3      | Found a shimmering blue altar of Sif Muna.
  1183 | D:3      | You fall into a shaft and drop 1 floor!
  1216 | D:4      | Noticed Eustachio
  1217 | D:4      | 1217 ||| ZAPPING wand of iceblast (5) at 1,-5 (Eustachio;
                  | floor).
  1230 | D:4      | 1230 ||| ZAPPING wand of iceblast (4) at 1,-3 (Eustachio;
                  | floor).
  1231 | D:4      | 1231 ||| ZAPPING wand of iceblast (3) at 0,-2 (Eustachio;
                  | floor).
  1234 | D:4      | 1234 ||| ZAPPING wand of iceblast (2) at 0,-5 (Eustachio;
                  | floor).
  1234 | D:4      | Killed Eustachio
  1235 | D:4      | Reached skill level 3 in Fighting
  1235 | D:4      | Reached XP level 5. HP: 28/28 MP: 6/6
  1242 | D:4      | Noticed Ijyb
  1246 | D:4      | Paralysed by Ijyb for 3 turns
  1251 | D:4      | Killed Ijyb
  1252 | D:4      | Reached XP level 6. HP: 32/32 MP: 7/7
  1292 | D:4      | Noticed Edmund
  1294 | D:4      | 1294 ||| ZAPPING wand of paralysis (3) at -6,-6 (Edmund;
                  | floor).
  1301 | D:4      | Slain by Edmund

Levels and vault maps discovered:
D:1:      spicycebolla_arrival_risky_transporter, layout_rooms,
          minmay_tetromino_o2
D:2:      layout_rooms
D:3:      layout_rooms, grunt_temple_overflow_open,
          dilly_ecumenical_altar_fadedgnrine, uniq_jessica
D:4:      layout_basic, bloody_makhleb, xom_confusion_cloud,
          nicolae_concentric_dashed_squares_mild, uniq_eustachio, uniq_edmund,
          uniq_ijyb

Skill      XL: |  1  2  3  4 |
---------------+-------------+-----
Dodging        | 3 4 5 |  5.3
Ranged Weapons | 5 |  5.5
Fighting       | 3 |  3.5
Stealth        | |  1.5

Action                     |  1- 3 |  4- 6 || total
---------------------------+-------+-------++-------
   Fire: Shortbow          |   120 |    49 ||   169
  Evoke: Wand              |       |     5 ||     5
    Use: Scroll            |     2 |     5 ||     7
         Potion            |       |     1 ||     1
 Armour: Robe              |    10 |     2 ||    12
  Dodge: Dodged            |    32 |    11 ||    43

Table legend:
 A = Non-vault XP
 B = Vault XP
 C = Vault XP percentage of total XP
 D = Non-vault monster count
 E = Vault monster count
 F = Vault count percentage of total count
                 A         B        C        D         E       F
            +---------+---------+-------+---------+---------+-------
      Total |     238 |     250 |  51.2 |      51 |       4 |   7.3
            +---------+---------+-------+---------+---------+-------
        D:1 |      44 |       3 |   6.4 |      22 |       2 |   8.3
        D:2 |      53 |       0 |   0.0 |      20 |       0 |   0.0
        D:3 |       3 |       0 |   0.0 |       2 |       0 |   0.0
        D:4 |     138 |     247 |  64.2 |       7 |       2 |  22.2
            +---------+---------+-------+---------+---------+-------
